 Dungeon Crawl Stone Soup version 0.17-a0-1115-g0372368 (webtiles) character file.

67 KlotserJr the Shooter (level 4, 0/29 HPs)
             Began as a High Elf Hunter on May 22, 2015.
             Succumbed to an adder's poison
             ... on level 2 of the Dungeon.
             The game lasted 00:07:42 (1099 turns).

KlotserJr the Shooter (High Elf Hunter)             Turns: 1099, Time: 00:07:42

Health: 0/29       AC:  3    Str: 11    XL:     4   Next: 0%
Magic:  5/5        EV: 12    Int: 15    God:
Gold:   75         SH:  0    Dex: 16    Spells: 0 memorised, 3 levels left

rFire  . . .     SeeInvis .     a - +0 short sword
rCold  . . .     Clarity  .     d - +0 leather armour
rNeg   . . .     SustAt   .     (no shield)
rPois  .         Gourm    .     (no helmet)
rElec  .         Spirit   .     (no cloak)
rCorr  .         Warding  .     (no gloves)
rMut   .         Stasis   .     (no boots)
MR     .....                    (no amulet)
Stlth  ++........               (no ring)
                                (no ring)

@: lethally poisoned (0 -> -5), not resistant to hostile enchantments,
unstealthy
A: no striking features
a: no special abilities


You were on level 2 of the Dungeon.
You were hungry.

You visited 1 branch of the dungeon, and saw 2 of its levels.

You collected 75 gold pieces.

Inventory:

Hand weapons
 a - a +0 short sword (weapon)
 b - a +1 shortbow
Missiles
 c - 17 arrows
Armour
 d - a +0 leather armour (worn)
 o - a +0 robe
Jewellery
 n - a +1 ring of slaying {unknown}
Scrolls
 g - 3 scrolls of remove curse {unknown}
 i - 2 scrolls of teleportation {unknown}
 j - 2 scrolls of enchant armour {unknown}
 m - a scroll of magic mapping {unknown}
 p - a scroll of identify {unknown}
 r - a scroll of immolation {unknown}
 s - a scroll of noise {unknown}
 u - a scroll of enchant weapon {unknown}
 v - a scroll of amnesia {unknown}
Potions
 h - 2 potions of resistance {unknown}
 t - a potion of heal wounds {unknown}
 w - a potion of flight {unknown}
 x - a potion of might {unknown}
Comestibles
 e - 2 bread rations
 f - 5 chunks of flesh
 k - 2 fruits
 l - a slice of pizza
 q - 3 meat rations


   Skills:
 - Level 2.0 Fighting
 * Level 2.0 Short Blades
 + Level 6.3 Bows
 * Level 2.6 Dodging
 * Level 1.9 Stealth


You had 3 spell levels left.
You didn't know any spells.

Dungeon Overview and Level Annotations

Branches:
Dungeon (2/15)

Altars:


Message History

You closely miss the bat. The bat closely misses you. The adder bites you.
* * * LOW HITPOINT WARNING * * *
The bat misses you. The bat hits you but does no damage.
The adder barely misses you. The bat hits you but does no damage.
The bat hits you.
* * * LOW HITPOINT WARNING * * *
You hit the adder.
The adder is lightly wounded.
The bat hits you but does no damage. The adder misses you.
You miss the adder.
The adder is lightly wounded.
The bat hits you but does no damage. The adder bites you.
* * * LOW HITPOINT WARNING * * *
The adder closely misses you. The bat closely misses you. The bat misses you.
The adder bites you.
* * * LOW HITPOINT WARNING * * *
You are lethally poisoned!
The adder poisons you!
You die...

......................#
..#.###..............##
### #.............##
.##.###..........####
..#..............#
..####.#........##
...............S.####
..####).....)..b....#
..#.............@...#
....##..............#
.######..........####
.# #..........# .#
##.......#.# ..
#...#.###.# #. #.....#
#.# .. ##.....###.# #.
###......#...#


You could see an adder and a bat.

Vanquished Creatures
  Ijyb (D:2)
  A giant gecko (D:1)
  A ball python (D:1)
  3 giant cockroaches
  4 goblins
  8 hobgoblins
  7 bats
  2 giant newts (D:1)
  7 kobolds (D:1)
  A rat (D:2)
35 creatures vanquished.

Notes
Turn   | Place    | Note
--------------------------------------------------------------
     0 | D:1      | KlotserJr the High Elf Hunter began the quest for the Orb.
     0 | D:1      | Reached XP level 1. HP: 14/14 MP: 2/2
   173 | D:1      | Reached XP level 2. HP: 16/19 MP: 3/3
   201 | D:1      | Reached skill level 1 in Short Blades
   653 | D:1      | Reached skill level 6 in Bows
   807 | D:2      | Reached XP level 3. HP: 24/24 MP: 4/4
  1036 | D:2      | Noticed Ijyb
  1051 | D:2      | Killed Ijyb
  1051 | D:2      | Reached XP level 4. HP: 10/29 MP: 5/5
  1098 | D:2      | HP: 1/29 [adder (1)]
  1099 | D:2      | Succumbed to an adder's poison

Vault maps used:
D:1:      dpeg_arrival_renting, hangedman_decor_points
D:2:      first_bread, uniq_iyjb

Action                   |  1- 3 |  4- 6 || total
-------------------------+-------+-------++-------
Melee: Short sword       |    50 |     3 ||    53
 Fire: Shortbow          |    71 |       ||    71
 Stab: Sleeping          |     1 |       ||     1
